 Dungeon Crawl Stone Soup version 0.24.0-125-gc4c63601f3 (webtiles) character file.

Game seed: 17084065044743291960, levelgen mode: deterministic

21 M4edhros the Charlatan (level 2, -2/18 HPs)
             Began as an Octopode Artificer on Mar 20, 2020.
             Slain by a worm (9 damage)
             ... on level 2 of the Dungeon.
             The game lasted 00:00:36 (506 turns).

M4edhros the Charlatan (Octopode Artificer)          Turns: 506, Time: 00:00:37

Health: -2/18      AC:  1    Str: 11    XL:     2   Next: 87%
Magic:  4/4        EV: 13    Int: 13    God:
Gold:   77         SH:  0    Dex: 12    Spells: 1/1 levels left

rFire    . . .     SeeInvis .   a - +0 short sword
rCold    . . .     Gourm    .   (no shield)
rNeg     . . .     Faith    .   (helmet restricted)
rPois    .         Spirit   .   (no amulet)
rElec    .         Reflect  .   (no ring)
rCorr    .         Harm     .   (no ring)
MR       .....                  (no ring)
Stlth    +++.......             (no ring)
HPRegen  0.06/turn              (no ring)
MPRegen  0.09/turn              (no ring)
                                (no ring)
                                (no ring)

@: no status effects
A: almost no armour, stealthy swim, amphibious, 8 rings, constrict 8, camouflage
1, gelatinous body 1
a: no special abilities


You were on level 2 of the Dungeon.
You were not hungry.

You visited 1 branch of the dungeon, and saw 2 of its levels.

You collected 77 gold pieces.

Inventory:

Hand Weapons
 a - a +0 short sword (weapon)
Missiles
 g - 17 sling bullets
Wands
 b - a wand of flame (15)
 c - a wand of enslavement (15)
 d - a wand of random effects (15)
Scrolls
 e - 4 scrolls of identify {unknown}
Potions
 h - a potion of might {unknown}
Comestibles
 f - a ration


   Skills:
 - Level 1.0 Fighting
 - Level 1.0 Short Blades
 - Level 2.0 Dodging
 * Level 3.4 Stealth
 + Level 3.6 Evocations


You had one spell level left.
You didn't know any spells.
Your spell library was empty.

Dungeon Overview and Level Annotations

Branches:
Dungeon (2/15)

Altars:
Dithmenos
Elyvilon
Vehumet
Wu Jian
Xom


Innate Abilities, Weirdness & Mutations

You cannot wear most types of armour.
You are very stealthy in the water. (Stealth+)
You are amphibious.
You can wear up to eight rings at the same time.
You can use your tentacles to constrict eight enemies at once.
Your skin changes colour to match your surroundings (Stealth+).
Your rubbery body absorbs attacks. (AC +1, EV +1)


Message History

You now have 77 gold pieces (gained 10).
h - a white potion
Found 20 bolts.
Found a shimmering altar of Xom.
Found a ration.
Found a radiant altar of Vehumet.
A worm comes into view.
Found a white marble altar of Elyvilon.
Found a shadowy altar of Dithmenos.
Found an ornate altar of the Wu Jian Council.
You hit the worm but do no damage. You grab the worm.
You constrict the worm, but do no damage.
You hit the worm. You squeeze the worm.
The worm is heavily wounded.
You constrict the worm. The worm bites you!
Ouch! That really hurt!
You hit the worm but do no damage.
The worm is heavily wounded.
You constrict the worm. The worm bites you!
Ouch! That really hurt!
You die...

###..#..#.###....#
#...........%. #
###8..8##.#..# ###
#_...._#.#.## ..#
###..###.#.# #.#
#8.....#.#.######.#
###..###.......##.#
#_....⌠#<#.##..##.###
###.@###.............
#_..w.##..........###
######..#####..#........
#..# .... #......#.#####
#.###.##_##....###.# #.#
### #####......#
##.###.# #.######
##...##.# #.# ##.....#.#
#.#


You could see a worm.

Vanquished Creatures
  A worm (D:2)
  A giant cockroach (D:2)
  2 goblins
  3 hobgoblins
  4 kobolds (D:1)
  3 bats (D:1)
  A frilled lizard (D:2)
  A rat (D:2)
16 creatures vanquished.

Notes
Turn   | Place    | Note
-------+----------+-------------------------------------------
     0 | D:1      | M4edhros the Octopode Artificer began the quest for the
                  | Orb.
     0 | D:1      | Reached XP level 1. HP: 13/13 MP: 3/3
   130 | D:1      | Reached XP level 2. HP: 16/18 MP: 4/4
   490 | D:2      | Found a shimmering altar of Xom.
   493 | D:2      | Found a radiant altar of Vehumet.
   498 | D:2      | Found a white marble altar of Elyvilon.
   499 | D:2      | Found a shadowy altar of Dithmenos.
   501 | D:2      | Found an ornate altar of the Wu Jian Council.
   506 | D:2      | Slain by a worm

Levels and vault maps discovered:
D:1:      ebering_trefoil_3fold, layout_loops_corners,
          chequers_serial_rivers_micro_a, minmay_misc_feat_hallway
D:2:      layout_loops_ring, minitemple, first_ration, minmay_misc_feat_plants

Skill      XL: |  1  2 |
---------------+-------+-----
Stealth        | 2 3 |  3.4
Fighting       | |  1.0
Short Blades   | |  1.0
Dodging        | |  2.0
Evocations     | |  3.6

Action                   || total
-------------------------++-------
Melee: Short sword       ||    30
       Constrict         ||     6
       Tentacles         ||     4
 Stab: Sleeping          ||     8
Armor: Skin              ||     4
Dodge: Dodged            ||    20
